 Dungeon Crawl Stone Soup version 0.28.0-53-g5a82cb258f (webtiles) character file.

Game seed: 742657876359462067

168295 gohu the Warrior (level 17, 0/171 HPs)
             Began as a Hill Orc Fighter on May 29, 2022.
             Was a High Priest of Okawaru.
             Slain by a merfolk javelineer
             ... wielding a +0 spear
              (8 damage)
             ... on level 4 of the Shoals on June 1, 2022.
             The game lasted 01:46:14 (29070 turns).

gohu the Warrior (Hill Orc Fighter)                Turns: 29070, Time: 01:46:15

Health: 0/171      AC:  0    Str: 27    XL:     17   Next: 94%
Magic:  17/23      EV: 15    Int:  8    God:    Okawaru [*****.]
Gold:   369        SH:  5    Dex: 10    Spells: 16/16 levels left

rFire   . . .      SeeInvis .     - Unarmed
rCold   . . .      Faith    .   (shield currently unavailable)
rNeg    . . .      Spirit   .   (armour currently unavailable)
rPois   .          Reflect  +   (helmet currently unavailable)
rElec   .          Harm     .   (cloak currently unavailable)
rCorr   .          Rampage  .   (gloves currently unavailable)
Will    +....      Rage     1%  (boots currently unavailable)
Stlth   +++.......              k - amulet of reflection
HPRegen 0.38/turn               (ring currently unavailable)
MPRegen 0.18/turn               (ring currently unavailable)

@: pig-form, heroic, finesse-ful, on berserk cooldown, slowed, studying Axes
A: fast, no casting, small, berserk 1
a: Renounce Religion, Heroism, Finesse, Duel


You were on level 4 of the Shoals.
You worshipped Okawaru.
Okawaru was extremely pleased with you.
You were a filthy swine.
You visited 5 branches of the dungeon, and saw 28 of its levels.
You visited the Abyss 1 time.
You also visited: Ossuary and Ice Cave.

You collected 3221 gold pieces.
You spent 2852 gold pieces at shops.

Inventory:

Hand Weapons
 R - the +18 lance "Wyrmbane" (melded) {slay drac, rPois rF+ rC+ AC+3}
   (You took it off Maggie on level 9 of the Dungeon)

   It inflicts extra damage against dragons and draconians.
   AC:        It affects your AC (+3).
   rF:        It protects you from fire.
   rC:        It protects you from cold.
   rPois:     It protects you from poison.
Missiles
 z - 4 silver javelins
 V - 5 throwing nets
 Z - 22 javelins
Armour
 b - the +10 chain mail "Zytoilema" {-Tele Contam Regen+ Dex+8}
   (Okawaru gifted it to you on level 3 of the Lair of Beasts)

   Dex:       It affects your dexterity (+8).
   -Tele:     It prevents most forms of teleportation.
   Contam:    It causes magical contamination when unequipped.
   Regen:     It increases your rate of health regeneration.
 e - a +2 plate armour of fire resistance
 x - a +2 tower shield of reflection (melded)
 G - the +1 cloak of the Cockroach (melded) {Rampage rElec rCorr Str-4}
   (You found it on level 13 of the Dungeon)

   Str:       It affects your strength (-4).
   rElec:     It insulates you from electricity.
   rCorr:     It protects you from acid and corrosion.
   Rampage:   It bestows one free step when moving towards enemies.
 H - a +2 plate armour of cold resistance (melded)
 K - the +0 helmet of the Feral Alphagorgon (melded) {Drain +Inv Regen+ Int+5 Slay+2}
   (You found it on level 8 of the Dungeon)

   Int:       It affects your intelligence (+5).
   Slay:      It affects your accuracy & damage with ranged weapons and melee
   (+2).
   +Inv:      It lets you turn invisible.
   Regen:     It increases your rate of health regeneration.
   Drain:     It drains your maximum health when unequipped.
 Q - the +18 shield of the Gong {rElec rN+ Will+ EV-5}
   (You bought it in a shop on level 2 of the Orcish Mines)

   It is deafeningly noisy when blocking attacks.
   EV:        It affects your evasion (-5).
   rElec:     It insulates you from electricity.
   rN:        It protects you from negative energy.
   Will:      It increases your willpower.
 U - a +0 pair of gloves (melded)
 W - a +2 pair of boots of rampaging (melded)
 X - the +2 hat of the Bruised Leylines {rF+}
   (Okawaru gifted it to you on level 2 of the Lair of Beasts)

   rF:        It protects you from fire.
Jewellery
 f - a ring of positive energy
 g - the ring of the Gloaming {Str+2 Int+6}
   (You found it in an ice cave)

   [ring of intelligence]

   Str:       It affects your strength (+2).
   Int:       It affects your intelligence (+6).
 k - an amulet of reflection (around neck)
 r - the amulet of Zuamiut {Reflect *Slow Regen+ MP+9 Dex+3 SH+5}
   (You took it off a draconian knight in an ice cave)

   [amulet of reflection]

   It reflects blocked missile attacks.
   Dex:       It affects your dexterity (+3).
   MP:        It affects your magic capacity (+9).
   Regen:     It increases your rate of health regeneration.
   *Slow:     It may slow you when you take damage.
   SH:        It affects your SH (+5).
 y - a ring of protection from fire
 D - a +6 ring of strength
 F - a +4 ring of evasion (melded)
 J - a ring of resist corrosion
 N - a ring of protection from fire
 T - the ring "Beqiss" (melded) {rC+ rCorr AC+4}
   (You bought it in a shop on level 1 of the Shoals)

   [ring of protection]

   AC:        It affects your AC (+4).
   rC:        It protects you from cold.
   rCorr:     It protects you from acid and corrosion.
Wands
 a - a wand of acid (10)
 c - a wand of digging (9)
 C - a wand of polymorph (16)
 I - a wand of iceblast (3)
 L - a wand of paralysis (14)
 P - a wand of mindburst (5)
 S - a wand of flame (29)
Scrolls
 h - 16 scrolls of teleportation
 l - 7 scrolls of identify
 n - 6 scrolls of blinking
 o - 5 scrolls of fear
 q - 3 scrolls of summoning
 u - 4 scrolls of enchant armour
 w - 6 scrolls of magic mapping
 A - 2 scrolls of immolation
 B - 4 scrolls of amnesia
 E - 6 scrolls of fog
 O - 4 scrolls of enchant weapon
 Y - a scroll of holy word
Potions
 d - 9 potions of might
 i - 6 potions of cancellation
 j - 4 potions of mutation
 m - 7 potions of curing
 p - 2 potions of brilliance
 s - 3 potions of flight
 t - 3 potions of heal wounds
 v - 3 potions of invisibility
 M - 3 potions of haste


   Skills:
 * Level 20.3(25.3) Fighting
 - Level 16.0(22.2) Axes
 - Level 9.2(17.6) Polearms
 - Level 5.6(10.6) Throwing
 * Level 16.1(21.1) Armour
 * Level 18.9(23.9) Shields
 + Level 8.3 Invocations
 * Level 3.7 Evocations


You had 16 spell levels left.
You didn't know any spells.
Your spell library contained the following spells:

 Spells                   Type           Power      Damage    Failure   Level
 Beastly Appendage        Tmut           0%         N/A       41%         1
 Foxfire                  Conj/Fire      0%         2x1d4     41%         1
 Pain                     Necr           0%         1d4       41%         1
 Sandblast                Erth           0%         2d4       41%         1
 Blink                    Tloc           0%         N/A       54%         2
 Corpse Rot               Necr/Air       0%         N/A       54%         2
 Passwall                 Tmut/Erth      0%         N/A       54%         2
 Poisonous Vapours        Pois/Air       0%         N/A       54%         2
 Scorch                   Fire           0%         2d5       54%         2
 Conjure Flame            Conj/Fire      0%         6-21      78%         3
 Frozen Ramparts          Ice            0%         1d2       78%         3
 Gell's Gravitas          Tloc           0%         N/A       78%         3
 Inner Flame              Hex/Fire       0%         N/A       78%         3
 Lesser Beckoning         Tloc           0%         N/A       78%         3
 Stone Arrow              Conj/Erth      0%         3d7       78%         3
 Teleport Other           Tloc           0%         N/A       78%         3
 Cause Fear               Hex            0%         N/A       99%         4
 Dispel Undead            Necr           0%         3d6       99%         4
 Flame Wave               Conj/Fire      0%         2d4       99%         4
 Hailstorm                Conj/Ice       0%         3d3       99%         4
 Ice Form                 Ice/Tmut       0%         N/A       99%         4
 Agony                    Necr           0%         N/A       100%        5
 Excruciating Wounds      Necr           0%         N/A       100%        5
 Iskenderun's Battlesphe  Conj           0%         2d6       100%        5
 Manifold Assault         Tloc           0%         N/A       100%        5
 Dispersal                Tloc           0%         N/A       100%        6
 Iron Shot                Conj/Erth      0%         9d1       100%        6
 Discord                  Hex            0%         N/A       100%        8
 Chain Lightning          Conj/Air       0%         N/A       100%        9
 Fire Storm               Conj/Fire      0%         5d1       100%        9
 Shatter                  Erth           0%         3d5*      100%        9
 Summon Ice Beast         Ice/Summ       Unusable   N/A       N/A         4
 Death Channel            Necr           Unusable   N/A       N/A         6
 Simulacrum               Ice/Necr       Unusable   N/A       N/A         6
 Summon Cactus Giant      Summ           Unusable   N/A       N/A         6
 Spellforged Servitor     Conj/Summ      Unusable   N/A       N/A         7

Dungeon Overview and Level Annotations

Branches:
Dungeon (15/15)            Temple (1/1) D:5            Lair (6/6) D:11
 Shoals (4/4) Lair:2        Snake (0/4) Lair:3        Slime (0/5) Lair:5
    Orc (2/2) D:12            Elf (0/3) Orc:2        Vaults (0/5) D:13
 Depths (0/4) D:15        Ossuary (visited)           IceCv (visited)

Altars:
Dithmenos
Fedhas
Hepliaklqana
Okawaru
Ru
Wu Jian
The Shining One
Jiyva

Shops:
D:5 (   Orc:2 !!?[?*   Shoals:1 =   Shoals:2 (

Annotations:
Shoals:4 Kirke


Innate Abilities, Weirdness & Mutations

You are a filthy swine.
You move quickly.
Your equipment is almost entirely melded.
You are incapable of wielding weapons or throwing items.
You cannot cast spells.
You tend to lose your temper in combat.


Message History

You block the merfolk impaler's attack. The merfolk javelineer misses you.
You puncture the frost giant!
The frost giant is almost dead.
The merfolk impaler hits you from afar with a +7 demon trident of freezing!
Kirke points at you and mumbles some strange words.
You turn into a filthy swine.
The +18 lance "Wyrmbane" {slay drac, rPois rF+ rC+ AC+3} melds into your body.
The +1 cloak of the Cockroach {Rampage rElec rCorr Str-4} melds into your body.
The +0 helmet of the Feral Alphagorgon {Drain +Inv Regen+ Int+5 Slay+2} melds into your body.
Your +0 pair of gloves melds into your body.
Your +2 pair of boots of rampaging melds into your body.
Your +2 tower shield of reflection melds into your body.
Your +2 plate armour of cold resistance melds into your body.
The ring "Beqiss" {rC+ rCorr AC+4} melds into your body.
Your +4 ring of evasion melds into your body.
You no longer feel able to rampage towards enemies.
You feel less resistant to cold. The merfolk impaler misses you.
The hog bites you! The manticore bites you!! You block the manticore's attack.
The manticore claws you! The hog barely misses you.
The merfolk javelineer closely misses you.
The merfolk impaler hits you from afar with a +5 demon trident of freezing!!
The merfolk impaler freezes you.
There is an escape hatch in the ceiling, spattered with blood here.
The hog closely misses you. The merfolk impaler misses you.
The merfolk impaler closely misses you.
Kirke casts a spell.
Kirke flickers and vanishes!
Deactivating autopickup; reactivate with Ctrl-A.
The merfolk impaler hits you from afar with a +5 demon trident of freezing!!
* * * LOW HITPOINT WARNING * * *
The merfolk impaler freezes you!
* * * LOW HITPOINT WARNING * * *
The hog bites you!
* * * LOW HITPOINT WARNING * * *
The merfolk impaler hits you from afar with a +2 trident of freezing!
* * * LOW HITPOINT WARNING * * *
The merfolk impaler freezes you.
* * * LOW HITPOINT WARNING * * *
The merfolk javelineer hits you from afar with a +0 spear!
You die...

≈.###≈###..#≈.≈≈....P#####.......
≈≈.≈#######...≈≈.P##P..# #.......
≈≈≈≈≈###...†..PP..#P.## ##.......
≈≈≈≈≈≈........P....######........
≈≈≈≈≈≈........≈.<...###..........
≈≈≈≈≈≈........P≈≈.PP.##.≈≈≈......
≈≈≈≈≈≈...P..P.≈PP...###.≈≈≈≈≈≈≈≈.
≈≈≈≈≈≈≈.......≈≈.≈.P....≈≈≈≈≈≈≈≈≈
≈≈≈≈≈≈≈≈..P.....h≈......≈≈≈≈≈≈≈≈≈
≈≈≈≈≈≈≈≈≈≈≈≈.mHhCP†≈....≈≈≈≈≈≈≈≈≈
≈≈≈≈≈≈≈≈≈≈≈≈≈.mmm{m≈....≈≈≈≈≈≈≈≈≈
≈≈≈≈≈≈≈≈≈≈≈≈≈..#Hh≈≈≈...≈.≈≈≈≈≈≈.
≈≈≈≈≈≈≈≈≈≈≈≈≈≈..≈≈≈≈≈...≈...≈≈≈≈≈
≈≈≈≈≈≈≈≈≈≈≈≈≈≈≈≈≈≈≈≈≈≈..≈....≈≈≈≈
≈≈≈≈≈≈≈≈≈≈≈≈≈≈≈≈≈≈≈≈≈≈≈)≈.|....≈≈
≈≈≈≈≈≈≈≈≈≈≈≈≈≈≈≈≈≈##≈#≈##.....≈≈≈
≈≈≈≈≈≈≈≈≈≈≈≈≈≈≈≈≈≈###### ....≈≈≈≈


You could see a frost giant, 3 merfolk impalers, a merfolk javelineer, a
merfolk, 2 manticores and 2 hogs.

Vanquished Creatures
  Rupert (D:13)
  A kraken (Shoals:3)
  Donald (Shoals:4)
  Ilsuiw (Shoals:2)
  A draconian knight (IceCv)
  An orc warlord (Orc:1)
  Louise (Shoals:2)
  5 white draconians (IceCv)
  5 merfolk javelineers
  5 merfolk impalers
  An ettin (D:15)
  Josephine (D:12)
  Harold (D:11)
  12 hydras
  An ice dragon (Lair:6)
  6 merfolk avatars
  2 catoblepae (Lair:6)
  2 ogre magi (D:15)
  2 boulder beetles
  A death knight (D:12)
  3 centaur warriors
  5 merfolk aquamancers
  10 two-headed ogres
  2 alligator snapping turtles
  A thrashing horror (Abyss:3)
  4 orc high priests (Orc:1)
  Urug (D:13)
  15 sea snakes
  7 skeletal warriors (D:12)
  A wretched star (Abyss:3)
  3 deep trolls (D:15)
  2 wizards
  2 lindwurms (Lair:6)
  An orange crystal statue (IceCv)
  A necromancer (D:15)
  An orc knight (Orc:2)
  14 harpies
  A deep elf pyromancer (D:12)
  2 orc sorcerers
  6 cyclopes
  An oklob plant (Lair:6)
  9 manticores
  14 ugly things
  15 fauns
  28 elephants
  A guardian serpent (Lair:3)
  10 merfolk sirens
  6 torpor snails
  7 black mambas
  A black mamba (shapeshifter) (D:15)
  6 water nymphs
  An unseen horror (D:12)
  3 gargoyles
  3 storm dragon simulacra (IceCv)
  Maggie (D:9)
  14 cane toads
  A freezing wraith (D:12)
  Psyche (D:11)
  5 rime drakes
  5 golden dragon simulacra (IceCv)
  A hellion (Abyss:3)
  6 komodo dragons
  2 efreet
  14 merfolk
  10 polar bears (Lair:6)
  3 meliai (D:11)
  6 trolls
  8 hornets (Lair:6)
  3 tyrant leeches (Lair:6)
  5 wind drakes
  4 slime creatures (D:13)
  27 blink frogs
  8 dream sheep
  3 raiju (Lair:6)
  7 snapping turtles
  5 water elementals
  A wyvern (Lair:5)
  12 wraiths
  4 basilisks
  2 hogs (Shoals:4)
  A vampire (D:12)
  A yak (shapeshifter) (D:14)
  30 yaks
  16 humans (D:13)
  5 vampire mosquitoes
  Grum (D:8)
  5 wargs
  Menkaure (Ossuary)
  A steam dragon (D:6)
  2 small abominations (Abyss:3)
  23 water moccasins
  14 hell hounds (Lair:6)
  25 orc warriors
  2 sky beasts (D:7)
  15 black bears
  3 ice beasts
  7 ice dragon simulacra (IceCv)
  8 ogres
  5 centaurs
  22 wolves
  A phantom (D:4)
  2 kobold brigands
  2 wyvern zombies (D:6)
  Blork the orc (D:6)
  21 bullfrogs
  A gnoll sergeant (D:8)
  2 scorpions
  A wyvern skeleton (D:7)
  A water moccasin skeleton (D:5)
  17 killer bees
  6 lindwurm simulacra (IceCv)
  5 spriggan skeletons (D:11)
  3 wights (D:8)
  A troll skeleton (D:11)
  3 electric eels
  5 howler monkeys
  3 crimson imps (Abyss:3)
  4 centaur zombies
  A centaur skeleton (D:4)
  Crazy Yiuf (D:6)
  18 orc priests
  A jelly (D:5)
  Ijyb (D:3)
  6 iguanas
  17 orc wizards
  A killer bee zombie (D:7)
  A hound skeleton (D:5)
  3 mummies (Ossuary)
  6 adders
  4 gnolls (D:8)
  5 white imps (Abyss:3)
  A worm (D:4)
  2 dart slugs
  43 orcs
  3 bats
  3 endoplasms
  2 giant cockroaches
  9 goblins
  4 hobgoblins
  10 jackals
  9 kobolds
  4 quokkas
  6 ball pythons
  A frilled lizard (D:1)
  5 gnoll skeletons (Ossuary)
  4 gnoll zombies (Ossuary)
  8 goblin skeletons (Ossuary)
  2 goblin zombies (Ossuary)
  2 hobgoblin skeletons (Ossuary)
  6 hobgoblin zombies (Ossuary)
  2 kobold skeletons (Ossuary)
  3 kobold zombies (Ossuary)
  3 orc skeletons (Ossuary)
  4 orc zombies (Ossuary)
  2 rats (D:1)
  5 rat skeletons (Ossuary)
  6 rat zombies (Ossuary)
  A tentacle (Shoals:3)
877 creatures vanquished.

Vanquished Creatures (others)
  A wizard (D:14)
  A manticore (Shoals:4)
  An unseen horror (D:12)
  40 fungi
  102 plants
  3 tentacles (Shoals:3)
148 creatures vanquished.

Grand Total: 1025 creatures vanquished

Notes
Turn   | Place    | Note
-------+----------+-------------------------------------------
     0 | D:1      | gohu the Hill Orc Fighter began the quest for the Orb.
     0 | D:1      | Reached XP level 1. HP: 19/19 MP: 1/1
    43 | D:1      | Reached skill level 4 in Fighting
    43 | D:1      | Reached XP level 2. HP: 22/27 MP: 2/2
   484 | D:1      | You fall into a shaft and drop 1 floor!
   547 | D:1      | Reached XP level 3. HP: 33/33 MP: 3/3
  1147 | D:3      | Reached XP level 4. HP: 36/41 MP: 4/4
  1273 | D:3      | Noticed a water moccasin
  1290 | D:3      | Killed a water moccasin
  1291 | D:3      | Reached skill level 5 in Axes
  1291 | D:3      | Reached XP level 5. HP: 19/47 MP: 5/5
  1585 | D:3      | Noticed Ijyb
  1597 | D:3      | Killed Ijyb
  2221 | D:3      | Found a faded altar of an unknown god.
  2527 | D:4      | Noticed a phantom
  2533 | D:4      | Killed a phantom
  2534 | D:4      | Reached skill level 5 in Fighting
  2534 | D:4      | Reached XP level 6. HP: 52/56 MP: 6/6
  2713 | D:4      | Found a sand-covered staircase.
  2726 | Ossuary  | Entered an ossuary
  2771 | Ossuary  | Reached XP level 7. HP: 51/61 MP: 7/7
  3182 | Ossuary  | Noticed Menkaure
  3192 | Ossuary  | Killed Menkaure
  3690 | D:5      | Entered Level 5 of the Dungeon
  3724 | D:5      | Reached skill level 6 in Fighting
  3999 | D:5      | Reached XP level 8. HP: 32/70 MP: 8/8
  4231 | D:5      | Reached skill level 10 in Axes
  4605 | D:5      | Found a staircase to the Ecumenical Temple.
  4612 | Temple   | Entered the Ecumenical Temple
  4660 | Temple   | Became a worshipper of Warmaster Okawaru
  4920 | D:5      | Reached skill level 5 in Armour
  5001 | D:5      | Found Tafott's Weapon Shop.
  5233 | D:6      | Noticed Blork the orc
  5240 | D:6      | Killed Blork the orc
  5241 | D:6      | Reached skill level 7 in Fighting
  5434 | D:6      | Reached * piety under Okawaru
  5782 | D:6      | Reached XP level 9. HP: 54/79 MP: 9/9
  6344 | D:6      | Found a runed translucent door.
  6345 | D:6      | Noticed Crazy Yiuf
  6744 | D:6      | Killed Crazy Yiuf
  6911 | D:7      | Reached ** piety under Okawaru
  6915 | D:7      | Reached skill level 8 in Fighting
  7100 | D:7      | Noticed a two-headed ogre
  7474 | D:7      | Found a glowing golden altar of the Shining One.
  7852 | D:8      | Reached *** piety under Okawaru
  8152 | D:8      | Noticed Grum
  8156 | D:8      | Reached skill level 1 in Invocations
  8168 | D:8      | Killed Grum
  8169 | D:8      | Reached XP level 10. HP: 53/90 MP: 7/11
  8193 | D:8      | Reached skill level 9 in Fighting
  8516 | D:8      | Identified the +0 helmet of the Feral Alphagorgon {Drain
                  | +Inv Regen+ Int+5 Slay+2}
  9215 | D:9      | Reached **** piety under Okawaru
  9255 | D:9      | Reached skill level 15 in Axes
  9552 | D:9      | Reached skill level 10 in Fighting
  9712 | D:9      | Noticed Maggie
  9727 | D:9      | Killed Maggie
  9903 | D:10     | Entered Level 10 of the Dungeon
  9918 | D:10     | Reached ***** piety under Okawaru
  9998 | D:10     | Noticed a gargoyle
 10015 | D:10     | Killed a gargoyle
 10016 | D:10     | Reached XP level 11. HP: 101/101 MP: 6/14
 10085 | D:10     | Reached skill level 5 in Invocations
 10554 | D:7      | Killed a two-headed ogre
 10555 | D:7      | Reached skill level 11 in Fighting
 11519 | D:11     | Reached skill level 1 in Polearms
 11538 | D:11     | Found a staircase to the Lair.
 11548 | Lair:1   | Entered Level 1 of the Lair of Beasts
 11885 | Lair:1   | Received a gift from Okawaru
 12020 | Lair:1   | Noticed a seven-headed hydra
 12033 | Lair:1   | Killed a seven-headed hydra
 12186 | Lair:1   | Reached skill level 5 in Polearms
 12542 | Lair:2   | Reached skill level 12 in Fighting
 12557 | Lair:2   | Reached XP level 12. HP: 50/112 MP: 5/16
 12566 | Lair:2   | Reached ****** piety under Okawaru
 12743 | Lair:2   | Identified the +2 hat of the Bruised Leylines {rF+}
                  | (Okawaru gifted it to you on level 2 of the Lair of Beasts)
 12743 | Lair:2   | Received a gift from Okawaru
 12768 | Lair:2   | Found an ornate altar of the Wu Jian Council.
 13011 | Lair:2   | Reached skill level 5 in Shields
 13057 | Lair:2   | Reached skill level 13 in Fighting
 13300 | Lair:2   | Found a staircase to the Shoals.
 13890 | Lair:3   | Reached skill level 10 in Armour
 14042 | Lair:3   | Reached XP level 13. HP: 123/123 MP: 17/17
 14164 | Lair:3   | Reached skill level 14 in Fighting
 14182 | Lair:3   | Found a staircase to the Snake Pit.
 14696 | Lair:3   | Identified the +10 chain mail "Zytoilema" {-Tele Contam
                  | Regen+ Dex+8} (Okawaru gifted it to you on level 3 of the
                  | Lair of Beasts)
 14696 | Lair:3   | Received a gift from Okawaru
 15162 | Lair:4   | Got the Almanac of Shifting Toxins
 15991 | Lair:5   | Reached skill level 1 in Evocations
 16088 | Lair:5   | Found a staircase to the Slime Pits.
 16088 | Lair:5   | Found a viscous altar of Jiyva.
 16114 | Lair:5   | Reached skill level 15 in Fighting
 16121 | Lair:5   | Identified a scroll of acquirement
 16122 | Lair:5   | Acquired a manual of Axes
 16149 | Lair:5   | Reached skill level 1 in Throwing
 16549 | Lair:6   | Entered Level 6 of the Lair of Beasts
 16668 | Lair:6   | Received a gift from Okawaru
 16770 | Lair:6   | Reached XP level 14. HP: 131/135 MP: 16/18
 16982 | Lair:6   | Received a gift from Okawaru
 17106 | Lair:6   | Reached skill level 16 in Fighting
 17140 | Lair:6   | Found the +8 autumn katana {vorpal, manifold assault}
 17489 | Lair:6   | Received a gift from Okawaru
 17650 | Lair:6   | Found a runed translucent door.
 17876 | Lair:6   | Reached skill level 17 in Fighting
 18617 | D:11     | Noticed Psyche
 18634 | D:11     | Killed Psyche
 18637 | D:11     | Reached XP level 15. HP: 146/147 MP: 12/19
 18830 | D:11     | Identified the +1 scale mail "Lew Xeuv" {+Blink rN++ rCorr
                  | Dex-5} (Okawaru gifted it to you on level 11 of the
                  | Dungeon)
 18830 | D:11     | Received a gift from Okawaru
 19300 | D:11     | Noticed Harold
 19307 | D:11     | Killed Harold
 19308 | D:11     | Reached skill level 10 in Shields
 19631 | D:12     | Found a staircase to the Orcish Mines.
 19639 | D:12     | Reached skill level 18 in Fighting
 20051 | D:12     | Noticed Josephine
 20058 | D:12     | Killed Josephine
 20264 | D:12     | Identified the +6 great sword "Hueghok" {protect, Dex+7}
 20466 | Orc:1    | Entered Level 1 of the Orcish Mines
 20610 | Orc:1    | Reached skill level 5 in Throwing
 20645 | Orc:1    | Noticed an orc warlord
 20671 | Orc:1    | Killed an orc warlord
 20907 | Orc:2    | Entered Level 2 of the Orcish Mines
 21451 | Orc:1    | Received a gift from Okawaru
 21618 | Orc:2    | Found Juogaosi's Assorted Antiques.
 21618 | Orc:2    | Found Wuoq's Magic Scroll Shoppe.
 21619 | Orc:2    | Found Empias's Distillery.
 21623 | Orc:2    | Found Enku Kur's Armour Emporium.
 21627 | Orc:2    | Bought a scroll of identify for 24 gold pieces
 21627 | Orc:2    | Bought a scroll of blinking for 90 gold pieces
 21627 | Orc:2    | Bought a scroll of blinking for 90 gold pieces
 21645 | Orc:2    | Bought a potion of heal wounds for 85 gold pieces
 21645 | Orc:2    | Bought a potion of heal wounds for 85 gold pieces
 21645 | Orc:2    | Bought a potion of curing for 51 gold pieces
 21645 | Orc:2    | Bought 2 potions of curing for 102 gold pieces
 21645 | Orc:2    | Bought a potion of heal wounds for 85 gold pieces
 21645 | Orc:2    | Bought a potion of haste for 170 gold pieces
 21730 | Orc:2    | Found Ceozimol's Distillery.
 21805 | Orc:2    | Found Onoog's Magic Scroll Emporium.
 21851 | Orc:2    | Found a staircase to the Elven Halls.
 21979 | D:13     | Noticed Urug
 21979 | D:13     | Noticed Rupert
 21979 | D:13     | Found a gate to the Vaults.
 22153 | D:13     | Killed Urug
 22209 | D:13     | Killed Rupert
 22515 | D:13     | Reached skill level 15 in Armour
 22746 | D:13     | Acquired a manual of Shields
 22874 | D:13     | Identified the +1 cloak of the Cockroach {Rampage rElec
                  | rCorr Str-4}
 23212 | D:14     | Reached XP level 16. HP: 159/159 MP: 21/21
 23405 | Orc:2    | Bought the +18 shield of the Gong {rElec rN+ Will+ EV-5}
                  | for 1459 gold pieces
 23405 | Orc:2    | Found the +18 shield of the Gong {rElec rN+ Will+ EV-5}
 23558 | D:14     | Received a gift from Okawaru
 23622 | D:14     | Reached skill level 19 in Fighting
 23806 | D:14     | Found a hazy altar of Hepliaklqana.
 24097 | D:15     | Entered Level 15 of the Dungeon
 24234 | D:15     | Found a frozen archway.
 24238 | IceCv    | Entered an ice cave
 24448 | IceCv    | Identified the amulet of Zuamiut {Reflect *Slow Regen+ MP+9
                  | Dex+3 SH+5}
 24485 | IceCv    | Received a gift from Okawaru
 24520 | IceCv    | Identified the ring of the Gloaming {Str+2 Int+6}
 24704 | D:15     | Received a gift from Okawaru
 24712 | D:15     | Reached skill level 15 in Shields
 25034 | D:15     | Found a staircase to the Depths.
 25302 | D:15     | Upgraded the game from 0.28.0-45-g0d030f2227 to
                  | 0.28.0-53-g5a82cb258f
 25457 | Shoals:1 | Entered Level 1 of the Shoals
 25495 | Arena    | Entered the Arena
 25718 | Shoals:1 | Reached XP level 17. HP: 153/169 MP: 16/22
 26292 | Shoals:1 | Found Ikhlew's Jewellery Boutique.
 26308 | Shoals:1 | Bought the ring "Beqiss" {rC+ rCorr AC+4} for 611 gold
                  | pieces
 26543 | Shoals:2 | Noticed Ilsuiw
 26637 | Shoals:2 | Received a gift from Okawaru
 26662 | Shoals:2 | Reached skill level 20 in Fighting
 26748 | Shoals:2 | Killed Ilsuiw
 26936 | Shoals:2 | Found Vinoeth's Antique Weapon Shop.
 27273 | Shoals:3 | Noticed Louise
 27286 | Shoals:2 | Cast into level 3 of the Abyss (Louise)
 27311 | Abyss:3  | Gained mutation: You tend to lose your temper in combat.
                  | [mutagenic glow]
 27356 | Abyss:3  | Noticed an Executioner
 27416 | Abyss:3  | Noticed a tentacled starspawn
 27511 | Abyss:3  | Noticed a profane servitor
 27513 | Shoals:2 | Escaped the Abyss
 27525 | Shoals:2 | Killed Louise
 27737 | Shoals:3 | Received a gift from Okawaru
 27747 | Shoals:3 | Identified the +5 scythe of Indignation {antimagic, Str+4
                  | Dex+7}
 28075 | Shoals:3 | Noticed a kraken
 28108 | Shoals:3 | Killed a kraken
 28455 | Shoals:4 | Entered Level 4 of the Shoals
 28588 | Shoals:4 | Noticed Donald
 28605 | Shoals:4 | Killed Donald
 28651 | Shoals:4 | Received a gift from Okawaru
 28898 | Shoals:4 | Identified the +6 battleaxe of Pestilence {freeze, rN+
                  | Will+ Dex+5 Stlth-} (Okawaru gifted it to you on level 4 of
                  | the Shoals)
 28898 | Shoals:4 | Received a gift from Okawaru
 28941 | Shoals:4 | Identified the +3 leather armour of the Equinox {Will++}
 29054 | Shoals:4 | Noticed Kirke
 29070 | Shoals:4 | HP: 8/171 [merfolk impaler/+2 trident of freezing (6)]
 29070 | Shoals:4 | Slain by a merfolk javelineer

Illustrated notes

Levels and vault maps discovered:
D:1:      dpeg_arrival_simpleton_c, layout_rooms
D:2:      layout_rooms
D:3:      layout_basic, ebering_ecumenical_altar_webs, st_stairs_12, uniq_ijyb
D:4:      layout_basic, enter_ossuary_1
D:5:      layout_rooms, minmay_temple_entry_tees, serial_shops, shop
D:6:      layout_loops_corners, minmay_between, uniq_blork_the_orc,
          uniq_crazy_yiuf_cottage, uniq_menkaure
D:7:      layout_cave_pools, tso_oasis_becter, minmay_diced_spiral
D:8:      layout_basic, minivault_19, uniq_grum
D:9:      layout_loops_ring, chequers_serial_rivers_micro_e, uniq_maggie
D:10:     layout_basic, corexii_hall_statues_t
D:11:     layout_loops_ring, grunt_lair_entry_orc_guard_hut,
          hangedman_tell_no_tales, uniq_psyche, uniq_harold
D:12:     layout_loops_corners, david_orc_3, uniq_josephine
D:13:     layout_loops_ring, david_vaults_3, serial_glass, glass_columns_b,
          glass_columns_a, glass_columns_b, glass_columns_b, glass_columns_c,
          glass_columns_c, glass_columns_a, glass_columns_a, minmay_orc_keep
D:14:     layout_loops_ring, serial_park_fountain,
          nicolae_hepliaklqana_hazy_memory
D:15:     hangedman_depths_entry_civil_slaughter, layout_loops_ring,
          portal_ice_cave_entry_pillars_four
Temple:   mainiacjoe_temple_circle_huts
Lair:1:   layout_cave_pods, chequers_serial_rivers_room_b, serial_bayou_pond_e
Lair:2:   layout_layer_cave, elwin_shoals_entry_rocks, basic_altar,
          guppyfry_lair_drakes
Lair:3:   layout_loops_ring, minmay_snake_entry_spellcaster, serial_forest,
          infiniplex_forest_end_3, infiniplex_forest_clump_cross,
          infiniplex_forest_clump_curved, infiniplex_forest_straight_3,
          infiniplex_forest_end_1, serial_bayou_shore_b
Lair:4:   layout_loops_ring
Lair:5:   layout_gridlike, slime_altar_1, serial_bayou_shore_b
Lair:6:   wormcave, layout_long_grid, hangedman_lair_caniforms_friends,
          minivault_24, infiniplex_staircase_pool, uniq_urug
Shoals:1: layout_shoals, serial_shops, nicolae_lakefront_shop, st_sunken_temple
Shoals:2: layout_shoals, serial_shops, nicolae_shop_hallway_stairs, uniq_ilsuiw
Shoals:3: cheibrodos_shoals_three_sisters, layout_shoals, uniq_louise
Shoals:4: shoals_end_grunt_ice, layout_shoals, shoals_ilsuiw_alternative,
          nicolae_shoals_pincushion_passage, uniq_kirke, uniq_donald
Orc:1:    layout_caves
Orc:2:    st_orc_mages, layout_diamond_mine, serial_shops, shop, shop

Skill      XL: |  1  2  3  4  5  6  7  8  9 10 11 12 13 14 15 16 17 |
---------------+----------------------------------------------------+-----
Fighting       | 4 5 6 7 8 10 12 13 15 17 18 19 20 | 20.3
Axes           | 3 4 5 6 7 9 11 14 16 | 16.0
Armour         | 4 5 6 7 8 10 12 13 15 16 | 16.1
Invocations    | 1 4 6 7 8 |  8.3
Shields        | 4 5 7 9 11 16 18 | 18.9
Polearms       | 6 8 9 |  9.2
Evocations     | 1 3 |  3.7
Throwing       | 1 4 5 |  5.6

Action                   |  1- 3 |  4- 6 |  7- 9 | 10-12 | 13-15 | 16-18 || total
-------------------------+-------+-------+-------+-------+-------+-------++-------
Melee: War axe           |    88 |   113 |   381 |   194 |       |       ||   776
       Lance             |       |       |       |   414 |  1654 |  1248 ||  3316
Invok: Heroism           |       |       |     2 |     5 |     7 |    11 ||    25
       Finesse           |       |       |       |     4 |     9 |    12 ||    25
       Duel              |       |       |       |       |       |     1 ||     1
 Abil: Evoke Invisibilit |       |       |       |       |     1 |       ||     1
Evoke: Wand              |       |       |     1 |       |     2 |     2 ||     5
  Use: Scroll            |       |     4 |       |       |    14 |    10 ||    28
       Potion            |       |       |     1 |       |     1 |     6 ||     8
 Stab: Invisible         |       |       |       |       |     1 |       ||     1
       Held in net/web   |       |       |       |       |       |     1 ||     1
Armor: Scale mail        |    61 |    49 |    80 |       |       |       ||   190
       Plate armour      |       |       |    55 |    13 |       |    69 ||   137
       Chain mail        |       |       |       |   211 |   773 |   193 ||  1177
Dodge: Dodged            |    47 |    42 |   116 |   119 |   317 |    72 ||   713
Block: Buckler           |    21 |    27 |    71 |       |       |       ||   119
       Kite shield       |       |       |    11 |   185 |   756 |  1181 ||  2133
       Reflection        |       |       |       |       |     1 |    84 ||    85
       Tower shield      |       |       |       |       |       |   105 ||   105
       Other             |       |       |       |       |       |     1 ||     1
